 Dungeon Crawl Stone Soup version 0.30-a0-847-g17996783a1 (webtiles) character file.

Game seed: 15989085987191895757

547 SkeletonJelly the Chopper (level 7, -1/46 HPs)
             Began as a Demonspawn Chaos Knight on Mar 3, 2023.
             Was a Plaything of Xom.
             Succumbed to a hornet's poison
             ... while paralysed by a hornet
             ... on level 4 of the Dungeon.
             The game lasted 00:08:06 (3062 turns).

SkeletonJelly the Chopper (Demonspawn Chaos Knight) Turns: 3062, Time: 00:08:06

Health: -1/46      AC:  8    Str: 14    XL:     7   Next: 7%
Magic:  2/7        EV:  2    Int: 13    God:    Xom [.....*]
Gold:   232        SH:  0    Dex: 13    Spells: 6/6 levels left

rFire   . . .      SeeInvis .    a - +0 hand axe (chaos)
rCold   . . .      Faith    .    e - +0 buckler
rNeg    . . .      Spirit   +    b - +2 leather armour
rPois   .          Reflect  .    q - +0 helmet
rElec   .          Rampage  .    (no cloak)
rCorr   .                        m - +0 pair of gloves
Will    .....                    f - +0 pair of boots Stlth
                                 (no amulet)
HPRegen 0.27/turn                (no ring)
MPRegen 0.20/turn                (no ring)

@: paralysed, lethally poisoned (-1 -> -16), silenced
A: powered by death 2, magic shield, magic regeneration, frail 1, screaming 1
a: Renounce Religion


You were on level 4 of the Dungeon.
You worshipped Xom.
You were Xom's teddy bear.
You visited 1 branch of the dungeon, and saw 4 of its levels.
You also visited: Ossuary.

You collected 232 gold pieces.

Inventory:

Hand Weapons
 a - a +0 hand axe of chaos (weapon)
Armour
 b - a +2 leather armour (worn)
 e - a +0 buckler (worn)
 f - a +0 pair of boots (worn)
 m - a +0 pair of gloves (worn)
 q - a +0 helmet (worn)
Jewellery
 i - an amulet of faith
Wands
 r - a wand of roots (9)
Scrolls
 g - a scroll of amnesia {unknown}
 j - a scroll of fog {unknown}
 k - 3 scrolls of poison {unknown}
 n - a scroll of noise
 o - 2 scrolls of identify
 s - a scroll of teleportation {unknown}
 t - a scroll of immolation {unknown}
Potions
 d - 3 potions of might
 h - a potion of resistance {unknown}
 p - 2 potions of heal wounds {unknown}
 u - a potion of magic {unknown}
 v - 2 potions of attraction
Miscellaneous
 c - a piece from Xom's chessboard (15/15) (quivered)


   Skills:
 - Level 3.0 Fighting
 * Level 6.4 Axes
 - Level 1.7 Armour
 - Level 0.8 Dodging
 + Level 3.4 Shields


You had 6 spell levels left.
You didn't know any spells.
Your spell library contained the following spells:

 Spells                   Type           Power      Damage    Failure   Level
 Shock                    Conj/Air       0%         1d3       45%         1
 Swiftness                Air            0%         N/A       83%         3
 Airstrike                Air            0%         2d(0-16)  99%         4


Dungeon Overview and Level Annotations

Branches:
Dungeon (4/15)            Ossuary (visited)
 Temple: D:4-7

Altars:
Xom

Shops:
D:1 =


Innate Abilities, Weirdness & Mutations

You regenerate health from kills.
When hurt, damage is shared between your health and your magic reserves.
You regenerate magic rapidly.
You are frail. (-10% HP)
You occasionally shout uncontrollably at your foes.


Message History

Done exploring.
Done exploring.
Done exploring.
Done exploring.
Done exploring.
You see here 2 potions of attraction.
v - 2 potions of attraction Search for what [Enter for "."]? .
Done exploring.
Done exploring.
Done exploring.
You see here a +0 leather armour.
There is an open door here.
There is a gate leading back out of this place here.
Welcome back to the Dungeon!
You block the gnoll's attack.
The gnoll shoots a sling bullet.
The sling bullet hits you.
There is a collapsed entrance here.
You take 2 damage, and have 44/46 hp.
You completely miss the gnoll. You block the gnoll's attack.
The gnoll shoots a sling bullet.
The sling bullet hits you but does no damage.
You hit the gnoll.
The gnoll is moderately wounded.
You block the gnoll's attack.
The gnoll shoots a sling bullet.
The sling bullet hits you!
You take 7 damage, and have 38/46 hp.
You now have 6/7 mp.
You hit the gnoll. Lightning courses through the gnoll!!
You kill the gnoll!
The gnoll shoots a sling bullet.
The sling bullet hits you.
You now have 5/7 mp.
The gnoll shoots a sling bullet.
The sling bullet closely misses you.
You regained 2 hp, and now have 41/46 hp.
The gnoll unwields a +0 sling.
The gnoll wields a +0 long sword.
The gnoll hits you with a +0 long sword.
You take 3 damage, and have 38/46 hp.
You barely miss the gnoll. The gnoll closely misses you.
You hit the gnoll.
The gnoll is moderately wounded.
The gnoll hits you but does no damage.
You hit the gnoll.
The gnoll is heavily wounded.
The gnoll hits you with a +0 long sword.
You take 1 damage, and have 39/46 hp.
You barely miss the gnoll.
The gnoll is heavily wounded.
The gnoll hits you but does no damage.
You hit the gnoll but do no damage.
The gnoll changes into a shapeshifter!
The shapeshifter is lightly wounded.
Xom alters the dungeon around you.
The shapeshifter changes into a hornet!
You barely miss the hornet. The hornet stings you.
You feel yourself slow down.
You take 3 damage, and have 36/46 hp.
You miss the hornet. The hornet stings you.
You are poisoned.
You feel as though you will be slow longer.
The hornet closely misses you.
You take 1 damage, and have 35/46 hp.
You hit the hornet.
The hornet is lightly wounded.
You feel very sick. The hornet stings you.
You feel as though you will be slow longer.
The hornet stings you!
You are more poisoned.
You suddenly lose the ability to move!
The hornet barely misses you.
You feel very sick. The hornet completely misses you.
You can move again.
You take 18 damage, and have 17/46 hp.
MASSIVE DAMAGE!!
You now have 4/7 mp.
You swap places.
* * * LOW HITPOINT WARNING * * *
You feel very sick. The hornet stings your butterfly!
Your butterfly dies!
Your butterfly disappears in a puff of smoke!
The hornet stings you but does no damage.
You take 6 damage, and have 11/46 hp.
You swap places.
* * * LOW HITPOINT WARNING * * *
You feel very sick. The hornet stings your butterfly!
Your butterfly dies!
Your butterfly disappears in a puff of smoke!
The hornet misses your butterfly.
You take 3 damage, and have 8/46 hp.
* * * LOW HITPOINT WARNING * * *
You feel very sick.
You see here a scroll of identify.
You take 2 damage, and have 6/46 hp.
Okay, then.
As you read the scroll labelled BELUIT JOUGE, it crumbles to dust.
A profound silence engulfs you.
It was a scroll of silence.
You feel yourself speed up.
* * * LOW HITPOINT WARNING * * *
You feel sick. You block the hornet's attack. The hornet stings you!
* * * LOW HITPOINT WARNING * * *
You are more poisoned.
You suddenly lose the ability to move!
You die...
Xom snickers!

*,,***,*,* #..##
**,,,,,,,**
*,***,,*,* #.##
**,,,,,** *,***,**,*
#.# **,,,**
*,,,,,,,,* #.# **+**
*****,**** #.# *,*
*,* ##.# *,* *,*
###..## **,** *,*
#.....#######*,,,**
*,*
#...@b#......,,,,,* *
*,*
#...yb...##*,*,,,** *
******,*
#..b.bb...##.#*,*****
,,,,,,,*
#..bbbbb......,,,,,,,
********
#.....#b####.#*,*****
##....#...,,,**<*
##########****,* *,*
*********,*


You could see a hornet shaped shifter.

Vanquished Creatures
  Sigmund (D:2)
  A water moccasin zombie (Ossuary)
  Natasha (thrice) (D:3 D:2)
  2 mummies (Ossuary)
  Robin (D:3)
  A gnoll (D:4)
  3 adders
  3 adder zombies (Ossuary)
  A worm (D:2)
  3 dart slugs
  6 endoplasms
  3 gnoll zombies (Ossuary)
  18 goblins
  10 hobgoblins
  12 jackals
  4 kobolds
  9 ball pythons
  6 bats
  A frilled lizard (D:1)
  3 hobgoblin zombies (Ossuary)
  4 kobold zombies (Ossuary)
  4 orc zombies (Ossuary)
  4 rats
103 creatures vanquished.

Notes
Turn   | Place    | Note
-------+----------+-------------------------------------------
     0 | D:1      | SkeletonJelly the Demonspawn Chaos Knight began the quest
                  | for the Orb.
     0 | D:1      | Reached XP level 1. HP: 18/18 MP: 1/1
    41 | D:1      | Reached skill level 3 in Axes
    95 | D:1      | Gained mutation: You regenerate magic rapidly. [demonic
                  | ancestry]
    95 | D:1      | Reached XP level 2. HP: 24/24 MP: 2/2
   301 | D:1      | Found Feqob's Jewellery Emporium.
   572 | D:1      | Gained mutation: When hurt, damage is shared between your
                  | health and your magic reserves. [demonic ancestry]
   572 | D:1      | Reached XP level 3. HP: 25/29 MP: 3/3
   620 | D:1      | XOM: noise
   929 | D:2      | XOM: 7-stop teleportation journey
   933 | D:2      | Reached skill level 1 in Shields
  1079 | D:2      | Noticed Sigmund
  1156 | D:2      | Killed Sigmund
  1157 | D:2      | Reached skill level 5 in Axes
  1157 | D:2      | Gained mutation: You regenerate a little health from kills.
                  | [demonic ancestry]
  1157 | D:2      | Reached XP level 4. HP: 35/35 MP: 4/4
  1157 | D:2      | Gained mutation: You regenerate health from kills. [demonic
                  | ancestry]
  1157 | D:2      | Reached XP level 5. HP: 41/41 MP: 5/5
  1367 | D:2      | XOM: give mutations
  1367 | D:2      | Gained mutation: You are clumsy. (Dex -2) [Xom's mischief]
  1367 | D:2      | Gained mutation: You are frail. (-10% HP) [Xom's mischief]
  1367 | D:2      | Lost mutation: You are clumsy. (Dex -2) [Xom's mischief]
  1367 | D:2      | Gained mutation: You occasionally shout uncontrollably at
                  | your foes. [Xom's mischief]
  1473 | D:2      | XOM: scenery: create altars
  1475 | D:2      | XOM: god gift: metallic puce potion {god gift}
  1623 | D:3      | Noticed Natasha
  1633 | D:3      | Killed Natasha
  1634 | D:3      | Reached XP level 6. HP: 31/42 MP: 4/6
  1637 | D:3      | XOM: god gift: 12 gold pieces
  1904 | D:3      | Noticed Robin
  1926 | D:3      | Killed Robin
  2079 | D:3      | Noticed Natasha
  2087 | D:3      | Killed Natasha
  2174 | D:3      | XOM: god gift: 33 gold pieces
  2436 | D:3      | Noticed Natasha
  2436 | D:3      | XOM: fog
  2443 | D:3      | XOM: god gift: 5 stones
  2448 | D:2      | Killed Natasha
  2518 | D:2      | XOM: silly message
  2692 | D:3      | XOM: 3-stop teleportation journey
  2738 | D:4      | Found a sand-covered staircase.
  2748 | Ossuary  | Entered an ossuary
  2848 | Ossuary  | XOM: scenery: 1 doors open, 1 doors close
  2850 | Ossuary  | XOM: divination: detect items
  2861 | Ossuary  | HP: 2/42 [water moccasin zombie (3)]
  2865 | Ossuary  | Reached skill level 6 in Axes
  2917 | Ossuary  | Reached XP level 7. HP: 21/46 MP: 3/7
  3053 | D:4      | a gnoll changed into a shapeshifter
  3053 | D:4      | Noticed a shapeshifter (shapeshifter)
  3053 | D:4      | XOM: scenery: summon butterflies
  3053 | D:4      | a shapeshifter changed into a hornet
  3053 | D:4      | Noticed a hornet (shapeshifter)
  3056 | D:4      | Paralysed by a hornet for 2 turns
  3061 | D:4      | HP: 1/46 [hornet (shapeshifter) (3)]
  3061 | D:4      | Paralysed by a hornet for 2 turns
  3062 | D:4      | Succumbed to a hornet's poison

Illustrated notes

Levels and vault maps discovered:
D:1:      amcnicky_arrival_blooded_trapdoor, layout_basic, serial_shops, shop
D:2:      layout_loops_ring, uniq_sigmund
D:3:      kennysheep_goblin_castle, layout_loops_ring, nicolae_titane,
          uniq_natasha
D:4:      layout_loops_corners, enter_ossuary_1

Skill      XL: |  1  2  3  4  5  6 |
---------------+-------------------+-----
Axes           | 3 5 6 |  6.4
Shields        | 2 3 |  3.4
Fighting       | |  3.0
Armour         | |  1.7
Dodging        | |  0.8

Action                     |  1- 3 |  4- 6 |  7- 9 || total
---------------------------+-------+-------+-------++-------
  Melee: Hand axe          |    95 |   229 |    11 ||   335
  Evoke: Piece from Xom's  |     3 |     2 |       ||     5
         Wand              |       |     1 |       ||     1
    Use: Scroll            |       |     3 |     1 ||     4
         Potion            |       |     3 |       ||     3
   Stab: Petrified         |    13 |       |       ||    13
         Paralysed         |     2 |     3 |       ||     5
         Sleeping          |     1 |       |       ||     1
 Armour: Leather armour    |    39 |    75 |     4 ||   118
  Dodge: Dodged            |    49 |   104 |     5 ||   158
  Block: Buckler           |     5 |    42 |     4 ||    51

Table legend: (Time is in decaauts)
 A = Elapsed time spent in this place.
 B = Non-inter-level travel time spent in this place.
 C = Inter-level travel time spent in this place.
 D = Time resting spent in this place.
 E = Time spent auto-exploring this place.
 F = Levels seen in this place.
 G = Mean time per level.
                   A        B        C        D        E       F      G
               +--------+--------+--------+--------+--------+-----+--------+
         Total |   3099 |   2992 |    107 |      0 |   2216 |   5 |  619.8 |
       Dungeon |   2800 |   2693 |    107 |      0 |   2084 |   4 |  700.0 |
       Ossuary |    298 |    298 |      0 |      0 |    132 |   1 |  298.0 |
               +--------+--------+--------+--------+--------+-----+--------+

Top non-repeatable levels by time:
     D:3: 1122 daAuts
     D:1: 824 daAuts
     D:2: 784 daAuts
 Ossuary: 298 daAuts
     D:4: 68 daAuts
